 Dungeon Crawl Stone Soup version 0.18.1-48-g4cf74bf (webtiles) character file.

80 Heedrag the Conjurer (level 4, -4/24 HPs)
             Began as a Deep Elf Conjurer on Aug 2, 2016.
             Slain by an orc
             ... wielding a +0 flail
              (9 damage)
             ... on level 3 of the Dungeon.
             The game lasted 00:03:34 (1852 turns).

Heedrag the Conjurer (Deep Elf Conjurer)            Turns: 1852, Time: 00:03:35

Health: -4/24      AC:  2    Str:  6    XL:     4   Next: 18%
Magic:  9/12       EV:  8    Int: 20    God:
Gold:   38         SH:  0    Dex: 15    Spells: 2 memorised, 7 levels left

rFire  . . .     SeeInvis .     h - +0 short sword
rCold  . . .     Gourm    .     a - +0 robe
rNeg   . . .     Faith    .     (no shield)
rPois  .         Spirit   .     (no helmet)
rElec  .         Dismiss  .     (no cloak)
rCorr  .         Reflect  .     (no gloves)
SustAt .         Harm     .     (no boots)
MR     .....                    (no amulet)
Stlth  ++........               (no ring)
                                (no ring)

@: not resistant to hostile enchantments, unstealthy
A: no striking features
a: no special abilities


You were on level 3 of the Dungeon.
You were not hungry.

You visited 1 branch of the dungeon, and saw 3 of its levels.

You collected 38 gold pieces.

Inventory:

Hand Weapons
 h - a +0 short sword (weapon)
Missiles
 j - 5 curare-tipped needles
Armour
 a - a +0 robe (worn)
Scrolls
 e - a scroll of enchant armour {unknown}
 k - a scroll of remove curse {unknown}
 l - 2 scrolls of teleportation {unknown}
 m - a scroll of blinking {unknown}
Potions
 g - 2 potions of curing {unknown}
 i - a potion of agility {unknown}
Books
 b - a book of Conjurations

   Spells                             Type                      Level
   a - Magic Dart                     Conjuration                  1
   b - Searing Ray                    Conjuration                  2
   c - Dazzling Spray                 Conjuration/Hexes            3
   d - Fulminant Prism                Conjuration/Hexes            4
   e - Iskenderun's Mystic Blast      Conjuration                  4
   f - Iskenderun's Battlesphere      Conjuration/Charms           5
Comestibles
 c - a bread ration
 d - 2 meat rations
 f - 3 chunks of flesh


   Skills:
 - Level 2.4 Dodging
 - Level 2.4 Stealth
 + Level 4.0 Spellcasting
 * Level 5.8 Conjurations


You had 7 spell levels left.
You knew the following spells:

 Your Spells              Type           Power        Failure   Level  Hunger
a - Magic Dart            Conj           ####         1%          1    None
b - Dazzling Spray        Conj/Hex       ###...       14%         3    ###....


Dungeon Overview and Level Annotations

Branches:
Dungeon (3/15)

Altars:
Ashenzari
Dithmenos
Fedhas
Makhleb
Okawaru
Xom


Message History

Tha magic dart hits tha jackal.
Ye kill tha jackal!
Castin': Magic Dart Confirm wit' . or Enter, or press ? or * ta list all spells.
Aimin': Magic Dart
Press: ? - help, Shift-Dir - straight line, f/p - orc
Aim: an orc, wieldin' a flail an' wearin' a leathar armour (lightly wounded) Tha magic dart hits tha orc.
Tha orc be lightly wounded.
Tha orc hits ye wit' a flail.
An orc comes inta view.
It be wieldin' a hand axe.
Tha orc priest casts a cantrip, but nuthin' happens.
Ye see 'ere a robe.
Tha orc priest mumbles some strange prayers ta Beogh against ye.
Beogh smites ye!
Ouch! Tha re'lly hurt!
* * * LOW HITPOINT WARNIN'
* * * Thar be a stone staircase leadin' up 'ere.
Tha orc hits ye wit' a flail!
Ye die...

#.# #######.# #....o..#
#.####### #o# #.##########
#..........# #o..<......#
#@.........# #############
#..........#
##.....≈#.#.####.)........#
#....#≈#..#_.⌠###.#########
#..#.)#.#.##...##.#
.#..≈≈#####.##..#.#
.##≈...#..⌠##≈.##.#
≈...)≈≈≈#.≈##.≈≈#.#
..##.[#.≈≈#≈..###.#


You could see an orc priest and an orc.

Vanquished Creatures
  2 adders
  2 worms (D:2)
  3 dart slugs
  A giant gecko (D:3)
  2 bats
  4 giant cockroaches
  7 goblins
  5 hobgoblins
  3 jackals (D:3)
  6 kobolds
  5 giant newts
  7 rats
47 creatures vanquished.

Notes
Turn   | Place    | Note
--------------------------------------------------------------
     0 | D:1      | Heedrag the Deep Elf Conjurer began the quest for the Orb.
     0 | D:1      | Reached XP level 1. HP: 10/10 MP: 6/6
   240 | D:1      | Reached XP level 2. HP: 15/15 MP: 6/8
   668 | D:1      | Reached skill level 5 in Conjurations
   936 | D:2      | Reached XP level 3. HP: 19/19 MP: 2/10
   941 | D:2      | Learned a level 3 spell: Dazzling Spray
  1171 | D:2      | Found a burning altar of Makhleb.
  1171 | D:2      | Found a blossoming altar of Fedhas.
  1315 | D:2      | Found a shattered altar of Ashenzari.
  1654 | D:3      | Found a shimmering altar of Xom.
  1759 | D:3      | Found an iron altar of Okawaru.
  1769 | D:3      | Reached XP level 4. HP: 24/24 MP: 9/12
  1774 | D:3      | Found a shadowy altar of Dithmenos.
  1852 | D:3      | Slain by an orc

Skill      XL: |  1  2  3 |
---------------+----------+-----
Conjurations   | 5 |  5.8
Spellcasting   | 4 |  4.0
Dodging        | |  2.4
Stealth        | |  2.4

Action                   |  1- 3 |  4- 6 || total
-------------------------+-------+-------++-------
Melee: Short sword       |     2 |       ||     2
 Cast: Magic Dart        |    85 |    11 ||    96
  Eat: Chunk             |     2 |     1 ||     3
Armor: Robe              |     1 |     2 ||     3
Dodge: Dodged            |     8 |     3 ||    11
